AoeStats
← thomas89671173

Runestones

507934761Analyzed
1v1 RM · 13d ago on Sep 20, 2026· 30m 8s· 2 players
Game mode
Random Map
Map size
Tiny (2 player)
Population
200
Speed
Normal
Resources
Standard
Victory
Conquest
Starting age
Dark Age
Ending age
Imperial Age
RankedLock teamsTeams togetherTeam positionsShared explorationLock speedFull tech treeHidden civsTurbo modeCheats
Victory
Defeat
🇹🇼 Franks · Taiwan
1251
+14
🇨🇳 Huns · China
1217
-14
江
9:02 Feudal Age
7:22 Loom
9:33 Double-Bit Axe
14:19 Fletching
27:15 Castle Age
25:50 Gold Mining
25:54 Stone Mining
25:56 Horse Collar
26:53 Scale Barding Armor
thomas89671173
6:50 Loom
9:37 Feudal Age
12:48 Scale Barding Armor
17:22 Fletching
27:00 Castle Age
25:51 Double-Bit Axe
27:47 Wheelbarrow
28:03 Chain Barding Armor
29:31 Gold Mining
Connection lost

Rejoining the realm…

Still unreachable

The connection could not be restored.

Session expired

The server has moved on; the page needs a fresh start.